 Dungeon Crawl Stone Soup version 0.23-a0-650-ga4d50d4d25 (webtiles) character file.

44 Morbidden the Caller (level 3, -1/19 HPs)
             Began as a Deep Elf Summoner on Jan 7, 2019.
             Killed from afar by Natasha (9 damage)
             ... with a magic dart
             ... on level 2 of the Dungeon.
             The game lasted 00:06:06 (1685 turns).

Morbidden the Caller (Deep Elf Summoner)            Turns: 1685, Time: 00:06:07

Health: -1/19      AC:  2    Str:  5    XL:     3   Next: 39%
Magic:  6/10       EV: 13    Int: 20    God:
Gold:   155        SH:  0    Dex: 15    Spells: 9/10 levels left

rFire    . . .     SeeInvis .   d - +0 dagger
rCold    . . .     Gourm    .   (no shield)
rNeg     . . .     Faith    .   a - +0 robe
rPois    .         Spirit   .   (no helmet)
rElec    .         Reflect  .   (no cloak)
rCorr    .         Harm     .   (no gloves)
MR       .....                  (no boots)
Stlth    ++........             (no amulet)
HPRegen  0.06/turn              (no ring)
MPRegen  0.12/turn              (no ring)

@: no status effects
A: no striking features
a: no special abilities


You were on level 2 of the Dungeon.
You were not hungry.

You visited 1 branch of the dungeon, and saw 2 of its levels.

You collected 155 gold pieces.

Inventory:

Hand Weapons
 d - a +0 dagger (weapon)
Armour
 a - a +0 robe (worn)
Scrolls
 e - a scroll of enchant armour {unknown}
 f - 5 scrolls of identify {unknown}
 h - 2 scrolls of immolation {unknown}
 i - 3 scrolls of teleportation {unknown}
Potions
 b - a potion of ambrosia {unknown}
 g - a potion of flight {unknown}
 j - a potion of curing {unknown}
Comestibles
 c - 2 rations


   Skills:
 + Level 2.6 Dodging
 - Level 2.4 Stealth
 + Level 4.0 Spellcasting
 + Level 5.1 Summonings


You had 9 spell levels left.
You knew the following spells:

 Your Spells              Type           Power        Failure   Level  Hunger
a - Summon Small Mammal   Summ           ###.         1%          1    None

Your spell library contained the following spells:

 Spells                   Type           Power        Failure   Level  Hunger
 Call Imp                 Summ           ###.....     2%          2    #......
 Call Canine Familiar     Summ           ###.....     4%          3    ###....
 Summon Guardian Golem    Hex/Summ       ##......     13%         3    ###....
 Summon Ice Beast         Ice/Summ       ##......     41%         4    ####...
 Summon Lightning Spire   Summ/Air       ##......     41%         4    ####...


Dungeon Overview and Level Annotations

Branches:
Dungeon (2/15)

Altars:

Annotations:
D:2 Natasha


Message History

Your quokka is poisoned.
The adder poisons your quokka!
Your quokka misses the adder.
Your quokka bites the adder.
The adder dies!
Your Spellcasting skill increases to level 4!
There is an open door here.
You feel sick.
You are no longer poisoned.
Unknown command.
Your quokka dies!
Your quokka's corpse disappears in a puff of smoke!
Casting: Summon Small Mammal (safe; 1% risk of failure)
Confirm with . or Enter, or press ? or * to list all spells.
The crimson imp blinks!
You swap places.
There is an open door here.
There is an open door here.
Natasha casts a spell at you. The magic dart hits you!
You die...

#####..##
#.##...............###
........####.##...............#
....†...'..5..'.......#####...#
........####†##....h..# ##..#
........# #.##.......# ##.#
........# #S##.......# ###
........## #.##.....###
.........# #.##....##
...5.....###.###@###
........5.##.# #r#
........#.##.# #.#
#########..#.# #.# ##.#.# #.#
#.#.###'###### #...##.......#
##..##.......# #.>.'.......#


You could see Natasha and a friendly quokka.

Vanquished Creatures
  2 kobolds (D:1)
  A bat (D:2)
  A frilled lizard (D:1)
  2 rats (D:1)
6 creatures vanquished.

Vanquished Creatures (collateral kills)
  2 adders (D:2)
  An ooze (D:1)
  5 dart slugs
  4 bats (D:1)
  A giant cockroach (D:1)
  2 goblins (D:1)
  8 hobgoblins
  2 jackals (D:1)
  4 kobolds (D:1)
  A quokka (D:2)
  A frilled lizard (D:1)
  4 rats
35 creatures vanquished.

Grand Total: 41 creatures vanquished

Notes
Turn   | Place    | Note
-------+----------+-------------------------------------------
     0 | D:1      | Morbidden the Deep Elf Summoner began the quest for the
                  | Orb.
     0 | D:1      | Reached XP level 1. HP: 10/10 MP: 6/6
     7 | D:1      | Noticed an iguana
     7 | D:1      | Noticed a queen ant
     7 | D:1      | Noticed a hell rat
     7 | D:1      | Noticed a yaktaur
   338 | D:1      | Reached XP level 2. HP: 15/15 MP: 4/8
   696 | D:1      | Reached skill level 5 in Summonings
  1162 | D:1      | Reached XP level 3. HP: 8/19 MP: 7/10
  1615 | D:2      | Noticed Natasha
  1685 | D:2      | Killed from afar by Natasha

Vault maps used:
D:1:      onia_arrival_zoo_common, minmay_octomino_c4
D:2:      grunt_dithmenos_smoke_and_mirrors, minmay_tree_intersection,
          nicolae_tso_swordbearing_angel, uniq_natasha, uniq_sigmund

Skill      XL: |  1  2  3 |
---------------+----------+-----
Summonings     | 5 |  5.1
Spellcasting   | 4 |  4.0
Dodging        | |  2.6
Stealth        | |  2.4

Action                   || total
-------------------------++-------
Melee: Unarmed           ||    22
       Dagger            ||    53
 Cast: Summon Small Mamm ||    72
 Stab: Sleeping          ||     1
  Eat: Chunk             ||     2
Armor: Robe              ||    17
Dodge: Dodged            ||    98

Table legend:
 A = Non-vault XP
 B = Vault XP
 C = Vault XP percentage of total XP
 D = Non-vault monster count
 E = Vault monster count
 F = Vault count percentage of total count
                 A         B        C        D         E       F
            +---------+---------+-------+---------+---------+-------
      Total |      54 |       9 |  14.3 |      33 |       8 |  19.5
            +---------+---------+-------+---------+---------+-------
        D:1 |      33 |       9 |  21.4 |      25 |       8 |  24.2
        D:2 |      21 |       0 |   0.0 |       8 |       0 |   0.0
            +---------+---------+-------+---------+---------+-------
